 Dungeon Crawl Stone Soup version 0.26-a0-707-g31817bcca1 (webtiles) character file.

Game seed: 10733707686493727600

69 Descartes the Chiller (level 4, 0/30 HPs)
             Began as a Barachi Ice Elementalist on Oct 27, 2020.
             Killed from afar by a dart slug (2 damage)
             ... with a slug dart
             ... on level 2 of the Dungeon.
             The game lasted 00:04:21 (1260 turns).

Descartes the Chiller (Barachi Ice Elementalist)    Turns: 1260, Time: 00:04:21

Health: 0/30       AC:  2    Str: 10    XL:     4   Next: 20%
Magic:  1/8        EV: 13    Int: 16    God:
Gold:   73         SH:  0    Dex: 12    Spells: 8/9 levels left

rFire    + . .     SeeInvis .   k - +0 short sword (venom)
rCold    . . .     Faith    .   (no shield)
rNeg     . . .     Spirit   .   a - +0 robe
rPois    .         Reflect  .   (no helmet)
rElec    .         Harm     .   (no cloak)
rCorr    .         Rampage  .   (no gloves)
MR       +....                  (no boots)
Stlth    ++........             (no amulet)
HPRegen  0.10/turn              e - ring of protection from fire
MPRegen  0.11/turn              i - ring of protection from magic

@: slow
A: +LOS, swims, slowness 1, strong legs 1
a: Hop


You were on level 2 of the Dungeon.
You visited 1 branch of the dungeon, and saw 2 of its levels.

You collected 73 gold pieces.

Inventory:

Hand Weapons
 k - a +0 short sword of venom (weapon)
Armour
 a - a +0 robe (worn)
Jewellery
 e - a ring of protection from fire (left hand)
 i - a ring of protection from magic (right hand)
 l - a +4 ring of protection {unknown}
Scrolls
 d - a scroll of enchant weapon {unknown}
 f - a scroll of random uselessness {unknown}
 g - a scroll of remove curse {unknown}
Potions
 b - 2 potions of curing {unknown}
 c - a potion of lignification {unknown}
 h - a potion of heal wounds {unknown}
 j - a potion of haste {unknown}


   Skills:
 - Level 3.0 Dodging
 - Level 2.0 Stealth
 + Level 3.1 Spellcasting
 + Level 5.6 Ice Magic


You had 8 spell levels left.
You knew the following spells:

 Your Spells              Type           Power        Failure   Level
a - Freeze                Ice            ###.         1%          1

Your spell library contained the following spells:

 Spells                   Type           Power        Failure   Level
 Frozen Ramparts          Ice            ###...       5%          3
 Ozocubu's Armour         Ice            ###.....     5%          3
 Hailstorm                Conj/Ice       ##......     50%         4
 Summon Ice Beast         Ice/Summ       ##......     50%         4


Dungeon Overview and Level Annotations

Branches:
Dungeon (2/15)

Altars:


Innate Abilities, Weirdness & Mutations

You can be seen from farther away. (+LOS)
You can swim through water.
You cover ground slowly.
You can hop short distances.


Message History

The hobgoblin is almost dead.
The hobgoblin closely misses you.
Casting: Freeze (safe; 1% risk of failure)
Confirm with . or Enter, or press ? or * to list all spells.
Aiming: Freeze (safe; 1% risk of failure)
Press: ? - help, Shift-Dir - straight line, f/p - hobgoblin
Aim: a hobgoblin (almost dead)
You freeze the hobgoblin!
You kill the hobgoblin!
The dart slug launches a dart at you. The slug dart hits you.
* * * LOW HITPOINT WARNING * * *
The dart slug launches a dart at you. The slug dart misses you.
The dart slug launches a dart at you. The slug dart hits you.
* * * LOW HITPOINT WARNING * * *
The dart slug launches a dart at you. The slug dart hits you.
You die...

#..# #..#
#..# #####
#..# ##...##
#..####.....#
#...........#
#..####.....#
#.## ##...##
#@## ##.##
#..# #.# ##.#
#.# #.# #.#
#.# #.### #.#
#...# #w#
###.## #g#
##...## #.#
###.....####


You could see a dart slug and a hobgoblin.

Vanquished Creatures
  3 gnolls
  An adder (D:2)
  A worm (D:2)
  A leopard gecko (D:1)
  2 giant cockroaches (D:1)
  5 goblins (D:1)
  3 hobgoblins
  3 bats
  3 frilled lizards (D:1)
  6 kobolds (D:1)
  3 rats (D:1)
31 creatures vanquished.

Notes
Turn   | Place    | Note
-------+----------+-------------------------------------------
     0 | D:1      | Descartes the Barachi Ice Elementalist began the quest for
                  | the Orb.
     0 | D:1      | Reached XP level 1. HP: 13/13 MP: 3/3
   352 | D:1      | Reached XP level 2. HP: 19/19 MP: 3/5
   390 | D:1      | Reached skill level 5 in Ice Magic
   845 | D:1      | Reached XP level 3. HP: 21/24 MP: 0/6
  1232 | D:2      | Reached XP level 4. HP: 15/30 MP: 2/8
  1260 | D:2      | Killed from afar by a dart slug

Illustrated notes

Levels and vault maps discovered:
D:1:      roderic_dead_forest, layout_basic, hex_tiny, minmay_split_cup_large
D:2:      layout_loops_ring, minmay_pentomino_x4

Skill      XL: |  1  2  3 |
---------------+----------+-----
Stealth        | 2 |  2.0
Ice Magic      | 5 |  5.6
Dodging        | 3 |  3.0
Spellcasting   | 3 |  3.1

Action                   |  1- 3 |  4- 6 || total
-------------------------+-------+-------++-------
Melee: Unarmed           |    15 |       ||    15
       Short sword       |     2 |       ||     2
 Cast: Freeze            |    44 |     6 ||    50
Armor: Robe              |    11 |     1 ||    12
Dodge: Dodged            |    33 |     6 ||    39

Table legend: (Time is in decaauts)
 A = Elapsed time spent in this place.
 B = Non-inter-level travel time spent in this place.
 C = Inter-level travel time spent in this place.
 D = Time resting spent in this place.
 E = Time spent auto-exploring this place.
 F = Levels seen in this place.
 G = Mean time per level.
                   A        B        C        D        E       F      G
               +--------+--------+--------+--------+--------+-----+--------+
         Total |   1378 |   1370 |      8 |    120 |    976 |   2 |  689.0 |
       Dungeon |   1378 |   1370 |      8 |    120 |    976 |   2 |  689.0 |
               +--------+--------+--------+--------+--------+-----+--------+

Top non-repeatable levels by time:
     D:1: 1187 daAuts
     D:2: 190 daAuts
